 Dungeon Crawl Stone Soup version 0.17-a0-1887-g3e50df6 (webtiles) character file.

389 ithil the Covered (level 6, -1/56 HPs)
             Began as a Deep Dwarf Fighter on Sept 24, 2015.
             Killed by nerve-wracking pain
             ... invoked by an orc priest
              (7 damage)
             ... on level 3 of the Dungeon.
             The game lasted 00:12:02 (1605 turns).

ithil the Covered (Deep Dwarf Fighter)              Turns: 1605, Time: 00:12:03

Health: -1/56      AC: 15    Str: 26    XL:     6   Next: 49%
Magic:  7/7        EV: 11    Int:  9    God:
Gold:   124        SH:  0    Dex: 12    Spells: 0 memorised, 5 levels left

rFire  . . .     SeeInvis .     v - +0 scythe (protect)
rCold  . . .     Clarity  .     b - +0 scale mail
rNeg   . . .     SustAt   .     (no shield)
rPois  .         Gourm    .     x - +0 helmet
rElec  .         Spirit   .     (no cloak)
rCorr  .         Warding  .     y - +0 pair of gloves
rMut   .         Stasis   .     (no boots)
MR     .....                    i - amulet of regeneration
Stlth  ..........               (no ring)
                                q - +1 ring of protection

@: mighty, non-regenerating, not resistant to hostile enchantments, extremely
unstealthy
A: damage resistance, recharge devices, sense surroundings 1, slow healing 3
a: Device Recharging


You were on level 3 of the Dungeon.
You were not hungry.

You visited 1 branch of the dungeon, and saw 3 of its levels.

You collected 124 gold pieces.

Inventory:

Hand weapons
 a - a +0 flail
 v - a +0 scythe of protection (weapon)
Armour
 b - a +0 scale mail (worn)
 c - a +0 shield
 x - a +0 helmet (worn)
 y - a +0 pair of gloves (worn)
Jewellery
 i - an amulet of regeneration (around neck)
 q - a +1 ring of protection (left hand)
Magical devices
 e - a wand of heal wounds (0)
 k - a wand of random effects (30)
Scrolls
 g - a scroll of identify
 h - 2 scrolls of remove curse {unknown}
 l - a scroll of amnesia {unknown}
 n - 3 scrolls of fog {unknown}
Potions
 j - a potion of brilliance {unknown}
 m - a potion of degeneration {unknown}
 o - a potion of ambrosia {unknown}
 p - 2 potions of heal wounds {unknown}
 s - a potion of invisibility {unknown}
 t - a potion of magic {unknown}
Comestibles
 f - 5 bread rations
 u - 2 fruits
 w - 3 chunks of flesh


   Skills:
 + Level 3.3 Fighting
 + Level 3.3 Maces & Flails
 + Level 0.8 Polearms
 + Level 4.8 Armour
 + Level 2.8 Dodging
 + Level 0.3 Stealth
 + Level 4.7 Shields
 + Level 1.3 Evocations


You had 5 spell levels left.
You didn't know any spells.

Dungeon Overview and Level Annotations

Branches:
Dungeon (3/15)

Altars:
Ashenzari
Elyvilon
Trog
Xom
Yredelemnul


Innate Abilities, Weirdness & Mutations

You are resistant to damage.
You can recharge devices by infusing magical energy.
You passively map a small area around you.
You do not heal naturally.


Message History

* * * LOW HITPOINT WARNING * * *
The orc closely misses you. The orc priest closely misses you.
The orc misses you.
You barely miss the orc. The orc priest barely misses you.
The orc hits you but does no damage.
The orc priest hits you but does no damage.
The orc hits you but does no damage.
You closely miss the orc. The orc misses you.
The orc priest hits you but does no damage.
You closely miss the orc. The orc hits you but does no damage.
The orc priest barely misses you. The orc hits you but does no damage.
The orc priest hits you but does no damage.
You slice the orc!!
You kill the orc!
The orc priest closely misses you. x2
Your scale mail prevents you from hitting the orc priest.
The orc priest is lightly wounded.
The orc priest invokes the aid of Beogh against you.
Pain shoots through your body!
You die...

*.............# #.....#
*#'##......#.# #.....#
#.........'.#
*#.##.##### #..†.(...#
#..(.....) #......(.#
#..#.#####
###..).(.########....#
#.................)#####
#######)o...............
#@.....(..........
#.................
#...........>.....
#..........#......
#..........#......
#..........#......
#..........#......
############......
#......


You could see an orc priest.

Vanquished Creatures
  Sigmund (D:2)
  A scorpion (D:3)
  An iguana (D:3)
  An orc priest (D:3)
  Robin (D:2)
  5 adders
  An ooze (D:1)
  2 worms
  2 giant geckos (D:3)
  9 orcs (D:3)
  4 bats
  3 giant cockroaches
  17 goblins
  9 hobgoblins
  A giant newt (D:1)
  5 kobolds
  A rat (D:2)
64 creatures vanquished.

Notes
Turn   | Place    | Note
--------------------------------------------------------------
     0 | D:1      | ithil the Deep Dwarf Fighter began the quest for the Orb.
     0 | D:1      | Reached XP level 1. HP: 20/20 MP: 1/1
   174 | D:1      | Reached XP level 2. HP: 25/27 MP: 2/2
   591 | D:1      | Reached XP level 3. HP: 29/33 MP: 3/3
   709 | D:2      | Found a shattered altar of Ashenzari.
   715 | D:2      | Found a basalt altar of Yredelemnul.
   787 | D:2      | Reached skill level 4 in Shields
   990 | D:2      | Found a white marble altar of Elyvilon.
  1021 | D:2      | Noticed Sigmund
  1041 | D:2      | HP: 1/34 [something (9)]
  1048 | D:2      | Killed Sigmund
  1048 | D:2      | Reached skill level 1 in Dodging
  1048 | D:2      | Reached XP level 4. HP: 17/42 MP: 4/4
  1048 | D:2      | Reached XP level 5. HP: 19/49 MP: 5/5
  1084 | D:2      | Found a bloodstained altar of Trog.
  1084 | D:2      | Noticed Robin
  1120 | D:2      | Killed Robin
  1192 | D:2      | You fall through a shaft!
  1192 | D:3      | Found a shimmering altar of Xom.
  1309 | D:3      | Reached XP level 6. HP: 33/56 MP: 6/6
  1470 | D:3      | Reached skill level 1 in Evocations
  1605 | D:3      | Killed from afar by an orc priest

Vault maps used:
D:1:      dpeg_arrival_boxorama
D:2:      ashenzari_altar_1, nicolae_overflow_crystal_walls, elyvilon_altar_1,
          yredelemnul_altar_generic, uniq_robin, uniq_sigmund
D:3:      xom_teletrap_fun, gup_sewer_entry_bowl

Action                   |  1- 3 |  4- 6 || total
-------------------------+-------+-------++-------
Melee: Flail             |   119 |    56 ||   175
       Scythe            |       |    89 ||    89
Evoke: Wand              |     2 |     3 ||     5
  Use: Potion            |     1 |     2 ||     3
       Scroll            |       |     1 ||     1
  Eat: Chunk             |     1 |     2 ||     3
